 Dungeon Crawl Stone Soup version 0.19-a0-1740-g0bcaf2e (webtiles) character file.

94 Alarkh the Grave Robber (level 4, 0/30 HPs)
             Began as a Mummy Necromancer on Oct 2, 2016.
             Killed from afar by Sigmund (10 damage)
             ... with a puff of flame
             ... on level 2 of the Dungeon.
             The game lasted 00:04:07 (2230 turns).

Alarkh the Grave Robber (Mummy Necromancer)         Turns: 2230, Time: 00:04:08

Health: 0/30       AC:  2    Str: 11    XL:     4   Next: 38%
Magic:  3/9        EV: 12    Int: 15    God:
Gold:   74         SH:  0    Dex: 12    Spells: 2 memorised, 5 levels left

rFire  x . .     SeeInvis .     i - +0 dagger
rCold  + . .     Gourm    .     a - +0 robe
rNeg   + + +     Faith    .     (no shield)
rPois  ∞         Spirit   .     (no helmet)
rElec  .         Dismiss  .     (no cloak)
rCorr  .         Reflect  .     (no gloves)
MR     +....     Harm     .     (no boots)
Stlth  ++........               (no amulet)
                                (no ring)
                                f - ring of protection from magic

@: very slightly contaminated
A: no food or potions, fire vulnerability, cold resistance 1, negative energy
resistance 3, torment resistance, unbreathing
a: no special abilities


You were on level 2 of the Dungeon.
You were not hungry.

You visited 1 branch of the dungeon, and saw 2 of its levels.

You collected 74 gold pieces.

Inventory:

Hand Weapons
 i - a +0 dagger (weapon)
Armour
 a - a +0 robe (worn)
Jewellery
 f - a ring of protection from magic (left hand)
Scrolls
 c - a scroll of enchant weapon {unknown}
 d - a scroll of identify {unknown}
 e - a scroll of noise
 g - a scroll of teleportation
 h - a scroll of remove curse {unknown}
Books
 b - a book of Necromancy

   Spells                             Type                      Level
   a - Pain                           Necromancy                   1
   b - Animate Skeleton               Necromancy                   1
   c - Vampiric Draining              Necromancy                   3
   d - Regeneration                   Charms/Necromancy            3
   e - Animate Dead                   Necromancy                   4
   f - Control Undead                 Necromancy                   4


   Skills:
 - Level 1.5 Dodging
 - Level 1.5 Stealth
 + Level 3.3 Spellcasting
 + Level 5.0 Necromancy


You had 5 spell levels left.
You knew the following spells:

 Your Spells              Type           Power        Failure   Level  Hunger
a - Pain                  Necr           ###.         2%          1    N/A
b - Vampiric Draining     Necr           ###.......   10%         3    N/A

Dungeon Overview and Level Annotations

Branches:
Dungeon (2/15)

Altars:

Annotations:
D:2 Sigmund


Innate Abilities, Weirdness & Mutations

You do not eat or drink.
Your flesh is vulnerable to fire.
You are immune to poison.
Your flesh is cold resistant. (rC+)
You are immune to negative energy. (rN+++)
You are immune to unholy pain and torment.
You can survive without breathing.


Message History

Confirm with . or Enter, or press ? or * to list all spells.
Aiming: Pain
Press: ? - help, Shift-Dir - straight line, f/p - Sigmund
Aim: Sigmund, wielding a scythe of venom and wearing a robe (lightly wounded, chance to defeat MR: 82%) Sigmund writhes in agony!
Sigmund hits you with a scythe of venom!
Casting: Pain
Confirm with . or Enter, or press ? or * to list all spells.
Aiming: Vampiric Draining
Press: ? - help, Shift-Dir - straight line, f/p - Sigmund
Aim: Sigmund, wielding a scythe of venom and wearing a robe (moderately wounded) Sigmund is heavily wounded.
You feel life coursing into your body.
Sigmund hits you with a scythe of venom!
* * * LOW HITPOINT WARNING * * *
Sigmund gestures at you while chanting. The puff of flame misses you.
Sigmund points at you and mumbles some strange words.
The puff of flame hits you! The fire burns you terribly!
You die...

......##..# #.##................
.###.###..####.######.##....#....
..........#.......#....#.........
........#.######..#÷...#....#....
........#.# #..'....#....#....
........#.######..#..............
........#.#.........#.##.#.##.##.
........#.#.)..#.####.##.#......(
........#.#....#@# #.##.#..#.##.
..........#....#.# #.##.##.#.##.
.....######....@.# #.##.........
..†..######.###..# ##.##.##...##.
.)...............# #.....###..##.
.....###(....##.## #.....###..##.
.)...# #....[##.# #.......†#.##.
.....# #.....##.# ##.......+>##.
.....# #......#.# #####...####.


You could see Sigmund.

Vanquished Creatures
  2 adders (D:2)
  2 oozes (D:2)
  2 worms (D:2)
  5 dart slugs
  A leopard gecko (D:1)
  5 bats (D:1)
  A giant cockroach (D:1)
  3 goblins
  6 hobgoblins
  6 jackals (D:1)
  2 ball pythons
  7 frilled lizards
  7 kobolds
  6 rats
55 creatures vanquished.

Notes
Turn   | Place    | Note
-------+----------+-------------------------------------------
     0 | D:1      | Alarkh the Mummy Necromancer began the quest for the Orb.
     0 | D:1      | Reached XP level 1. HP: 13/13 MP: 3/3
   244 | D:1      | Reached XP level 2. HP: 18/19 MP: 0/5
   773 | D:1      | Reached XP level 3. HP: 24/24 MP: 0/7
  1146 | D:2      | Noticed Sigmund
  1474 | D:2      | Reached XP level 4. HP: 24/30 MP: 5/8
  1823 | D:2      | Reached skill level 5 in Necromancy
  2072 | D:1      | Learned a level 3 spell: Vampiric Draining
  2230 | D:2      | Killed from afar by Sigmund

Vault maps used:
D:1:      lemuel_arrival_river_ford, minmay_distorted
D:2:      uniq_sigmund

Skill      XL: |  1  2  3  4 |
---------------+-------------+-----
Spellcasting   | 3 |  3.3
Necromancy     | 5 |  5.0
Dodging        | |  1.5
Stealth        | |  1.5

Action                   |  1- 3 |  4- 6 || total
-------------------------+-------+-------++-------
Melee: Unarmed           |    30 |       ||    30
       Dagger            |     4 |     2 ||     6
 Cast: Pain              |    89 |    39 ||   128
       Vampiric Draining |       |     1 ||     1
  Use: Scroll            |       |     2 ||     2
Armor: Robe              |     6 |     2 ||     8
Dodge: Dodged            |    32 |     6 ||    38
